BR
MONROE MALLARDS @ LONG BEACH KO
07/19/2027
 
TOP OF THE 1ST
Monroe Mallards batting - Pitching for Long Beach KO : RHP Vincent Davis
Pitching: RHP Vincent Davis
Batting: LHB William Foley 0-0: Ball
1-0: Foul Ball, location: 2F
1-1: Swinging Strike
1-2: Hit by Pitch
Batting: RHB Roberto Sánchez 0-0: Ball
1-0: Swinging Strike
1-1: Ball
Wild Pitch!
William Foley to second
2-1: Ball
3-1: SINGLE (Groundball, 34D)
William Foley to third
Batting: LHB John Fitzgerald 0-0: Called Strike
0-1: SINGLE (Groundball, 4MD)
William Foley scores
Roberto Sánchez to second
Batting: LHB Allen Boyd 0-0: Called Strike
0-1: Foul Ball, location: 2F
0-2: Ball
1-2: Strikes out looking
Batting: RHB Cisco López 0-0: Ball
1-0: Ball
2-0: DOUBLE (Line Drive, 78XD)
Roberto Sánchez scores
John Fitzgerald to third
Batting: RHB Stephen Black 0-0: Ball
1-0: Called Strike
1-1: Called Strike
1-2: SINGLE (Line Drive, 56)
John Fitzgerald scores
Cisco López to third
Runner from 3rd tries for Home, SAFE, throw made home
Stephen Black to second
Batting: RHB Jody Díaz 0-0: Ball
1-0: Ball
Stephen Black steals 3rd base
2-0: Called Strike
2-1: Swinging Strike
2-2: Ground out 4-3 (Groundball, 4)
Stephen Black scores
Batting: SHB Richie Gallegos 0-0: Called Strike
0-1: Fly out, F7 (Flyball, 7S)
Top of the 1st over - 5 run(s), 4 hit(s), 0 error(s), 0 left on base; Monroe 5 - Long Beach 0
BOTTOM OF THE 1ST
Long Beach KO batting - Pitching for Monroe Mallards : RHP Héctor Gonzáles
Pitching: RHP Héctor Gonzáles
Batting: RHB Carlos Sánchez 0-0: Called Strike
0-1: Called Strike
0-2: Ball
1-2: Foul Ball, location: 2F
1-2: Ground out 6-3 (Groundball, 6)
Batting: RHB Pedro Lara 0-0: Swinging Strike
0-1: Swinging Strike
0-2: Ball
1-2: Ball
2-2: Strikes out swinging
Batting: RHB José González 0-0: Ball
1-0: Swinging Strike
1-1: Swinging Strike
1-2: Foul Ball, location: 2F
1-2: Strikes out swinging
Bottom of the 1st over - 0 run(s), 0 hit(s), 0 error(s), 0 left on base; Monroe 5 - Long Beach 0
TOP OF THE 2ND
Monroe Mallards batting - Pitching for Long Beach KO : RHP Vincent Davis
Batting: LHB Cipriano Rangel 0-0: Ground out 6-3 (Groundball, 6)
Batting: LHB William Foley 0-0: Called Strike
0-1: Ground out 4-3 (Groundball, 4)
Batting: RHB Roberto Sánchez 0-0: Swinging Strike
0-1: Ball
1-1: Called Strike
1-2: Ball
2-2: Ground out 4-3 (Groundball, 34)
Top of the 2nd over - 0 run(s), 0 hit(s), 0 error(s), 0 left on base; Monroe 5 - Long Beach 0
BOTTOM OF THE 2ND
Long Beach KO batting - Pitching for Monroe Mallards : RHP Héctor Gonzáles
Batting: RHB Ben Simpson 0-0: Foul Ball, location: 2F
0-1: Called Strike
0-2: Foul Ball, location: 2F
0-2: Ground out 6-3 (Groundball, 6S)
Batting: RHB Scott Wise 0-0: Ground out 3-1 (Groundball, 34S)
Batting: LHB Miguel Gálvez 0-0: Ball
1-0: Called Strike
1-1: Swinging Strike
1-2: Strikes out swinging
Bottom of the 2nd over - 0 run(s), 0 hit(s), 0 error(s), 0 left on base; Monroe 5 - Long Beach 0
TOP OF THE 3RD
Monroe Mallards batting - Pitching for Long Beach KO : RHP Vincent Davis
Batting: LHB John Fitzgerald 0-0: Ball
1-0: Foul Ball, location: 2F
1-1: Ball
2-1: Foul Ball, location: 2F
2-2: Fly out, F7 (Flyball, 78S)
Batting: LHB Allen Boyd 0-0: Foul Ball, location: 2F
0-1: Foul Ball, location: 2F
0-2: Ball
1-2: Ground out 5-3 (Groundball, 56S)
Batting: RHB Cisco López 0-0: DOUBLE (Line Drive, 78D)
Batting: RHB Stephen Black 0-0: Foul Ball, location: 2F
0-1: Foul Ball, location: 2F
0-2: Ground out 4-3 (Groundball, 4)
Top of the 3rd over - 0 run(s), 1 hit(s), 0 error(s), 1 left on base; Monroe 5 - Long Beach 0
BOTTOM OF THE 3RD
Long Beach KO batting - Pitching for Monroe Mallards : RHP Héctor Gonzáles
Batting: SHB Ángel Estrada 0-0: Ball
1-0: Ground out U3 (Groundball, 34S)
Batting: LHB Walt Brown 0-0: Ball
1-0: Ball
2-0: Foul Ball, location: 2F
2-1: Foul Ball, location: 2F
2-2: Foul Ball, location: 2F
2-2: SINGLE (Line Drive, 78M)
Batting: RHB Domynguos Tabucchi 0-0: Called Strike
0-1: Ball
1-1: Grounds into double play, 6-4-3 (Groundball, 6)
Bottom of the 3rd over - 0 run(s), 1 hit(s), 0 error(s), 0 left on base; Monroe 5 - Long Beach 0
TOP OF THE 4TH
Monroe Mallards batting - Pitching for Long Beach KO : RHP Vincent Davis
Batting: RHB Jody Díaz 0-0: Ball
1-0: Foul Ball, location: 2F
1-1: Called Strike
1-2: Foul Ball, location: 2F
1-2: Reached on error, E6 (Groundball, 56)
Batting: SHB Richie Gallegos 0-0: Called Strike
0-1: Ball
1-1: Hit by Pitch
Jody Díaz to second
Batting: LHB Cipriano Rangel 0-0: Called Strike
0-1: Grounds into double play, 1-6-3 (Groundball, 13S)
Jody Díaz to third
Batting: LHB William Foley 0-0: Swinging Strike
0-1: Ball
1-1: Foul Ball, location: 2F
1-2: SINGLE (Line Drive, 4D)
Jody Díaz scores
Batting: RHB Roberto Sánchez 0-0: Called Strike
0-1: Foul Ball, location: 2F
0-2: Foul Ball, location: 2F
0-2: Ball
1-2: Ball
William Foley steals 2nd base
2-2: Strikes out looking
Top of the 4th over - 1 run(s), 1 hit(s), 1 error(s), 1 left on base; Monroe 6 - Long Beach 0
BOTTOM OF THE 4TH
Long Beach KO batting - Pitching for Monroe Mallards : RHP Héctor Gonzáles
Batting: RHB Carlos Sánchez 0-0: Fly out, F8 (Line Drive, 78M)
Batting: RHB Pedro Lara 0-0: Fly out, F8 (Flyball, 8LXD)
Batting: RHB José González 0-0: Ball
1-0: Called Strike
1-1: Fly out, F9 (Flyball, 9D)
Bottom of the 4th over - 0 run(s), 0 hit(s), 0 error(s), 0 left on base; Monroe 6 - Long Beach 0
TOP OF THE 5TH
Monroe Mallards batting - Pitching for Long Beach KO : RHP Vincent Davis
Pitching: LHP António Bruno
Batting: LHB John Fitzgerald 0-0: Ball
1-0: Ball
2-0: Swinging Strike
2-1: Ball
3-1: Base on Balls
Batting: LHB Allen Boyd 0-0: Ball
1-0: Ball
2-0: Ball
3-0: Base on Balls
John Fitzgerald to second
Batting: RHB Cisco López 0-0: Ball
1-0: Foul Ball, location: 2F
1-1: Foul Ball, location: 2F
1-2: Strikes out swinging
Batting: RHB Stephen Black 0-0: Called Strike
0-1: Ball
1-1: DOUBLE (Line Drive, 78S)
John Fitzgerald scores
Allen Boyd to third
Batting: RHB Jody Díaz 0-0: Ball
1-0: Ball
2-0: Swinging Strike
2-1: Foul Ball, location: 2F
2-2: Ball
3-2: Ground out 1-3 (Groundball, P)
Batting: SHB Richie Gallegos 0-0: Called Strike
0-1: Ball
1-1: Foul Ball, location: 2F
1-2: 3-RUN HOME RUN (Line Drive, 7D), Distance : 402 ft
Batting: LHB Cipriano Rangel 0-0: SINGLE (Groundball, 6D)
Pitching: RHP Bart Albright
Batting: LHB William Foley 0-0: Called Strike
0-1: Ball
1-1: Fly out, F8 (Line Drive, 8LM)
Top of the 5th over - 4 run(s), 3 hit(s), 0 error(s), 1 left on base; Monroe 10 - Long Beach 0
BOTTOM OF THE 5TH
Long Beach KO batting - Pitching for Monroe Mallards : RHP Héctor Gonzáles
Batting: RHB Ben Simpson 0-0: Foul Ball, location: 2F
0-1: Foul Ball, location: 2F
0-2: Ball
1-2: Foul Ball, location: 2F
1-2: Ground out 6-3 (Groundball, 6)
Batting: RHB Scott Wise 0-0: Called Strike
0-1: Ball
1-1: Ball
2-1: Swinging Strike
2-2: SINGLE (Line Drive, 6D)
Batting: LHB Miguel Gálvez 0-0: Ball
1-0: Fielders Choice at 2nd, 3-6 (Groundball, 34)
Batting: SHB Ángel Estrada 0-0: Ball
1-0: Called Strike
1-1: Called Strike
1-2: SINGLE (Groundball, 34D)
Miguel Gálvez to second
Runner from 2nd tries for 3rd, SAFE, throw made to third
Ángel Estrada to second
Batting: LHB Walt Brown 0-0: Swinging Strike
0-1: Ball
1-1: Foul Ball, location: 2F
1-2: SINGLE (Groundball, 56D)
Miguel Gálvez scores
Ángel Estrada to third
Runner from 3rd tries for Home, SAFE, no throw
Batting: RHB Domynguos Tabucchi 0-0: Called Strike
0-1: Ball
1-1: Swinging Strike
1-2: Foul Ball, location: 2F
1-2: Ground out U3 (Groundball, 3L)
Bottom of the 5th over - 2 run(s), 3 hit(s), 0 error(s), 1 left on base; Monroe 10 - Long Beach 2
TOP OF THE 6TH
Monroe Mallards batting - Pitching for Long Beach KO : RHP Bart Albright
Batting: RHB Roberto Sánchez 0-0: Foul Ball, location: 2F
0-1: Ball
1-1: Called Strike
1-2: Strikes out looking
Batting: LHB John Fitzgerald 0-0: Called Strike
0-1: Foul Ball, location: 2F
0-2: Foul Ball, location: 2F
0-2: Foul Ball, location: 2F
0-2: Ball
1-2: Ball
2-2: Ground out 6-3 (Groundball, 6)
Batting: LHB Allen Boyd 0-0: Ball
1-0: Ball
2-0: Foul Ball, location: 2F
2-1: SOLO HOME RUN (Flyball, 9D), Distance : 361 ft
Batting: RHB Cisco López 0-0: Foul Ball, location: 2F
0-1: Swinging Strike
0-2: Strikes out swinging
Top of the 6th over - 1 run(s), 1 hit(s), 0 error(s), 0 left on base; Monroe 11 - Long Beach 2
BOTTOM OF THE 6TH
Long Beach KO batting - Pitching for Monroe Mallards : RHP Héctor Gonzáles
Batting: RHB Carlos Sánchez 0-0: Ball
1-0: Hit by Pitch
Batting: RHB Pedro Lara 0-0: Called Strike
0-1: Ball
1-1: Ball
2-1: Ball
3-1: SINGLE (Groundball, 6MD)
Carlos Sánchez to second
Runner from 2nd tries for 3rd, SAFE, no throw
Batting: RHB José González 0-0: Ball
1-0: Ball
2-0: Ball
3-0: Called Strike
3-1: Called Strike
3-2: Base on Balls
Pedro Lara to second
Batting: RHB Ben Simpson 0-0: Called Strike
0-1: Foul Ball, location: 2F
0-2: Ball
1-2: Ball
2-2: Ball
3-2: Strikes out looking
Pitching: LHP Al Atkins
Batting: RHB Scott Wise 0-0: Fly out, F8 (Flyball, 8RM)
Runner from 3rd tags up, SCORES, no throw
Batting: LHB Miguel Gálvez 0-0: SINGLE (Line Drive, 34)
Pedro Lara to third
José González to second
Batting: SHB Ángel Estrada 0-0: Called Strike
0-1: Called Strike
0-2: Ball
1-2: Ground out U3 (Groundball, 3S)
Bottom of the 6th over - 1 run(s), 2 hit(s), 0 error(s), 3 left on base; Monroe 11 - Long Beach 3
TOP OF THE 7TH
Monroe Mallards batting - Pitching for Long Beach KO : RHP Bart Albright
Batting: RHB Stephen Black 0-0: Ball
1-0: Swinging Strike
1-1: Called Strike
1-2: Foul Ball, location: 2F
1-2: Reached on error, E9 (Flyball, 89M)
Batting: RHB Jody Díaz 0-0: Ball
1-0: Foul Ball, location: 2F
1-1: Swinging Strike
1-2: Ball
2-2: Ball
3-2: Ground out 6-3 (Groundball, 6)
Stephen Black to second
Batting: SHB Richie Gallegos 0-0: DOUBLE (Line Drive, 7)
Stephen Black scores
Batting: LHB Cipriano Rangel 0-0: Ball
1-0: Ball
2-0: Fly out, F8 (Flyball, 8RM)
Batting: LHB William Foley 0-0: Called Strike
0-1: Foul Ball, location: 2F
0-2: Ball
1-2: Ball
2-2: Strikes out swinging
Top of the 7th over - 1 run(s), 1 hit(s), 1 error(s), 1 left on base; Monroe 12 - Long Beach 3
BOTTOM OF THE 7TH
Long Beach KO batting - Pitching for Monroe Mallards : LHP Al Atkins
Batting: LHB Walt Brown 0-0: Swinging Strike
0-1: Swinging Strike
0-2: Ball
1-2: Ball
2-2: Ball
3-2: Foul Ball, location: 2F
3-2: Fly out, F9 (Flyball, 9)
Batting: RHB Domynguos Tabucchi 0-0: Ball
1-0: Ball
2-0: Foul Ball, location: 2F
2-1: Called Strike
2-2: Ball
3-2: Ground out 1-3 (Groundball, 13S)
Batting: RHB Carlos Sánchez 0-0: Called Strike
0-1: Ground out 6-3 (Groundball, 6)
Bottom of the 7th over - 0 run(s), 0 hit(s), 0 error(s), 0 left on base; Monroe 12 - Long Beach 3
TOP OF THE 8TH
Monroe Mallards batting - Pitching for Long Beach KO : RHP Bart Albright
Batting: RHB Roberto Sánchez 0-0: Called Strike
0-1: Foul Ball, location: 2F
0-2: Fly out, F9 (Flyball, 9)
Batting: LHB John Fitzgerald 0-0: Ball
1-0: Foul Ball, location: 2F
1-1: Ball
2-1: Ball
3-1: Foul Ball, location: 2F
3-2: SINGLE (Groundball, 4D)
Pitching: RHP Francisco López
Batting: LHB Allen Boyd 0-0: Ball
1-0: Ball
2-0: SINGLE (Groundball, 34D)
John Fitzgerald to second
Runner from 2nd tries for 3rd, SAFE, throw made to third
Batting: RHB Cisco López 0-0: Foul Ball, location: 2F
0-1: Called Strike
0-2: Ball
1-2: Foul Ball, location: 2F
1-2: Ball
2-2: Strikes out swinging
Batting: RHB Stephen Black 0-0: Called Strike
0-1: Ball
1-1: Ball
2-1: Fly out, F8 (Flyball, 8RM)
Top of the 8th over - 0 run(s), 2 hit(s), 0 error(s), 2 left on base; Monroe 12 - Long Beach 3
BOTTOM OF THE 8TH
Long Beach KO batting - Pitching for Monroe Mallards : LHP Al Atkins
Batting: RHB Pedro Lara 0-0: Ball
1-0: Swinging Strike
1-1: Ball
2-1: Ball
3-1: DOUBLE (Groundball, 5L)
Batting: RHB José González 0-0: Called Strike
0-1: Foul Ball, location: 2F
0-2: Strikes out looking
Batting: RHB Ben Simpson 0-0: Ball
1-0: Foul Ball, location: 2F
1-1: Called Strike
1-2: Ball
2-2: Ball
3-2: Strikes out looking
Batting: RHB Scott Wise 0-0: Swinging Strike
0-1: Ball
1-1: Called Strike
1-2: Ball
2-2: Ball
3-2: Foul Ball, location: 2F
3-2: Ground out 1-3 (Groundball, 15S)
Bottom of the 8th over - 0 run(s), 1 hit(s), 0 error(s), 1 left on base; Monroe 12 - Long Beach 3
TOP OF THE 9TH
Monroe Mallards batting - Pitching for Long Beach KO : RHP Francisco López
Batting: RHB Jody Díaz 0-0: Called Strike
0-1: Ball
1-1: Ball
2-1: Foul Ball, location: 2F
2-2: Fly out, F2 (Popup, 3S)
Batting: SHB Richie Gallegos 0-0: Swinging Strike
0-1: Swinging Strike
0-2: Strikes out swinging
Batting: LHB Cipriano Rangel 0-0: Ball
1-0: Swinging Strike
1-1: Called Strike
1-2: Ball
2-2: Ball
3-2: Ground out 3-1 (Groundball, 34S)
Top of the 9th over - 0 run(s), 0 hit(s), 0 error(s), 0 left on base; Monroe 12 - Long Beach 3
BOTTOM OF THE 9TH
Long Beach KO batting - Pitching for Monroe Mallards : LHP Al Atkins
Now at 2B: Steve Chase
Batting: LHB Miguel Gálvez 0-0: Ball
1-0: Fly out, F8 (Flyball, 8RM)
Batting: SHB Ángel Estrada 0-0: Foul Ball, location: 2F
0-1: Ball
1-1: Ball
2-1: Swinging Strike
2-2: TRIPLE (Flyball, 89M)
Pitching: RHP Juan Villa
Batting: LHB Walt Brown 0-0: Ball
1-0: Swinging Strike
1-1: Ball
2-1: Foul Ball, location: 2F
2-2: Strikes out swinging
Batting: RHB Domynguos Tabucchi 0-0: Ball
1-0: Called Strike
1-1: Ball
2-1: Fly out, F4 (Flyball, 34D)
Bottom of the 9th over - 0 run(s), 1 hit(s), 0 error(s), 1 left on base; Monroe 12 - Long Beach 3
Thursday, March 30th, 2017 - OOTP Baseball 17.12 Build 75